[Event "Polar Bears 3rd Internal Tournament"]
[Site "FICS, San Jose, California USA"]
[Date "2008.06.09"]
[Time "11:43:28"]
[Round "1"]
[White "sergeym"]
[Black "Frigateland"]
[WhiteElo "1429"]
[BlackElo "1808"]
[TimeControl "1800+30"]
[Mode "ICS"]
[Result "0-1"]

1. e4 e5 2. Nf3 Nc6 3. d4 exd4 4. Bc4 Bb4+ 5. c3 dxc3 6. bxc3 Bc5 7. Ng5
Ne5 8. Nxf7 Nxf7 9. Bxf7+ Kxf7 10. Qh5+ g6 11. Qxc5 d6 12. Qd5+ Kg7 13. Qd4+
Nf6 14. Bg5 c5 15. Qe3 b6 16. O-O Bb7 17. e5 dxe5 18. Qxe5 Re8 19. Bxf6+
Qxf6 20. Qc7+ Qf7 21. Qxf7+ Kxf7 22. Nd2 Rad8 23. Nc4 Ba6 24. Ne3 Bxf1 25. Rxf1
Rd2 26. a3 Red8 27. g3 Ra2 28. Nc4 Kf6 29. Re1 b5 30. Ne3 h5 31. c4 bxc4
32. Nxc4 Rd4 33. Rc1 Ke6 34. Rc3 Kd5 35. Ne3+ Kc6 36. Nc2 Rd1+ 37. Kg2 Kb5
38. Ne3 Rda1 39. Nc2 Rc1 40. a4+ Kxa4 41. Rxc5 Rcxc2 42. Rg5 Rxf2+ 43. Kg1
Rfb2 44. Rxg6 Ra1#
{White checkmated} 0-1

[Event "Polar Bears 3rd Internal Tournament"]
[Site "FICS, San Jose, California USA"]
[Date "2008.06.13"]
[Time "21:37:48"]
[Round "1"]
[White "tujhbq"]
[Black "sajanricochet"]
[WhiteElo "1505"]
[BlackElo "1472"]
[TimeControl "1800+30"]
[Mode "ICS"]
[Result "0-1"]

1. d4 d5 2. c4 Nf6 3. Nf3 e6 4. e3 Bb4+ 5. Nc3 O-O 6. Be2 Bd7 7. O-O a6
8. a3 Bxc3 9. bxc3 c6 10. Ne5 b5 11. cxd5 cxd5 12. Nxd7 Qxd7 13. a4 bxa4
14. Rxa4 a5 15. c4 Qb7 16. cxd5 Nxd5 17. Bf3 Nc6 18. Bd2 Ncb4 19. Bxb4 axb4
20. Rxa8 Rxa8 21. Qc2 Rb8 22. e4 Nc3 23. e5 Qc7 24. Rc1 b3 25. Qxc3 Qxc3
26. Rxc3 b2 27. Be4 b1=Q+ 28. Bxb1 Rxb1+ 29. Rc1 Rxc1#
{White checkmated} 0-1

[Event "Polar Bears 3rd Internal Tournament"]
[Site "FICS, San Jose, California USA"]
[Date "2008.06.15"]
[Time "13:08:03"]
[Round "1"]
[White "Luxveritatis"]
[Black "altai"]
[WhiteElo "1795"]
[BlackElo "1729"]
[TimeControl "1800+30"]
[Mode "ICS"]
[Result "1-0"]

1. e4 c5 2. Nf3 d6 3. Nc3 Nf6 4. d4 cxd4 5. Qxd4 a6 6. e5 Nc6 7. Qd3 Nxe5
8. Nxe5 dxe5 9. Qxd8+ Kxd8 10. Bg5 Bf5 11. O-O-O+ Kc7 12. Bd3 e6 13. Bxf6
gxf6 14. Bxf5 exf5 15. Nd5+ Kc6 16. Nxf6 Be7 17. Nd7 Bg5+ 18. Kb1 f6 19. Rd3
e4 20. Rd4 Rhe8 21. h4 Rad8 22. hxg5 Rxd7 23. Rxd7 Kxd7 24. Rxh7+ Re7 25. g6
e3
{Black resigns} 1-0

[Event "Polar Bears 3rd Internal Tournament"]
[Site "FICS, San Jose, California USA"]
[Date "2008.08.23"]
[Time "20:16:09"]
[Round "1"]
[White "DogGhost"]
[Black "Tusendus"]
[WhiteElo "1582"]
[BlackElo "1479"]
[TimeControl "1800+30"]
[Mode "ICS"]
[Result "1-0"]
1. d4 d5 2. Nf3 Nc6 3. e3 Bf5 4. Bb5 Qd6 5. O-O a6 6. Bxc6+ Qxc6 7. Na3
e6 8. Ne5 Qd6 9. c4 b6 10. Qa4+ Kd8 11. Bd2 Qe7 12. Nc6+
{Black resigns} 1-0

[Event "Polar Bears 3rd Internal Tournament"]
[Site "FICS, San Jose, California USA"]
[Date "2008.06.10"]
[Time "23:05:09"]
[Round "2"]
[White "sergeym"]
[Black "sajanricochet"]
[WhiteElo "1445"]
[BlackElo "1461"]
[TimeControl "1800+30"]
[Mode "ICS"]
[Result "0-1"]

1. e4 e5 2. Nf3 Nc6 3. Bb5 Bd6 4. Nc3 Nf6 5. d3 O-O 6. Bg5 a6 7. Bc4 b5
8. Bd5 Bb7 9. O-O Na5 10. Bxb7 Nxb7 11. Nd5 Be7 12. Nxe5 Nxd5 13. Bxe7 Qxe7
14. Nf3 Nb6 15. Re1 Rfe8 16. Nd4 Qf6 17. c3 b4 18. Qg4 bxc3 19. bxc3 Nd6
20. f4 c5 21. e5 Qh6 22. Nf3 Nb5 23. c4 Nc7 24. f5 d6 25. exd6 Qxd6 26. Rxe8+
Rxe8 27. Rd1 Nd7 28. d4 Nf6 29. Qg5 h6 30. Qc1 a5 31. Qa3 Na6 32. Qxa5 Re4
33. Qc3 Ng4 34. g3 Qf6 35. Nh4 Rxd4 36. Rxd4 Qxd4+ 37. Qxd4 cxd4 38. Nf3
d3 39. h3 Nf6 40. Kf2 Nb4 41. a4 Nc2 42. a5 Ne4+ 43. Kg2 d2 44. Nxd2 Nxd2
45. c5 Nb4 46. Kf2 Nc4 47. Kf3 Nxa5 48. Ke4 Kf8 49. Ke5 Ke7 50. g4 f6+ 51. Kd4
Kd7 52. Kc3 Nd5+ 53. Kd4 Kc6 54. h4 Nb7 55. g5 hxg5 56. hxg5 fxg5 57. Ke5
Nxc5 58. f6 gxf6+ 59. Kf5 Ne7+ 60. Kg4 Kd5 61. Kh5 Ke4 62. Kg4 Nd3 63. Kh5
f5 64. Kxg5 f4 65. Kg4 f3 66. Kg3 Nf5+ 67. Kh2 f2 68. Kg2 Ke3 69. Kf1 Ng3+
70. Kg2 f1=Q+ 71. Kxg3 Qg1+ 72. Kh4 Kf4 73. Kh3 Qg3#
{White checkmated} 0-1

[Event "Polar Bears 3rd Internal Tournament"]
[Site "FICS, San Jose, California USA"]
[Date "2008.06.20"]
[Time "12:26:08"]
[Round "2"]
[White "Frigateland"]
[Black "tujhbq"]
[WhiteElo "1866"]
[BlackElo "1474"]
[TimeControl "1800+30"]
[Mode "ICS"]
[Result "1-0"]

1. e4 e5 2. Nf3 Nc6 3. Bc4 Bc5 4. c3 Nf6 5. d4 exd4 6. cxd4 Bb4+ 7. Nc3
d6 8. O-O O-O 9. Bg5 h6 10. Bh4 Bg4 11. Qd3 Bxf3 12. gxf3 g5 13. Bg3 Nh5
14. Ne2 Qf6 15. Rad1 Rfe8 16. Qe3 Kf8 17. f4 gxf4 18. Nxf4 Nxf4 19. Bxf4
Qg6+ 20. Kh1 Qxe4+ 21. Qxe4 Rxe4 22. Bxh6+ Ke7 23. Be3 Na5 24. Bd3 Rg4 25. Bf5
Rg7 26. Rg1 Rxg1+ 27. Rxg1 Rf8 28. Rg4 d5 29. Kg2 Nc4 30. Bc1 Bd2 31. Bxd2
Nxd2 32. Bh7 Nc4 33. b3 Nd6 34. Rg8 Rxg8+ 35. Bxg8 Nf5 36. Kf3 Nxd4+ 37. Kf4
Ne2+ 38. Ke5 c6 39. h4 d4 40. Bh7 f6+ 41. Ke4 c5 42. Kd5 b6 43. a3 Kd7 44. Bf5+
Ke7 45. Kc6 Nc3 46. h5 Kf8 47. Kb7 Nb5 48. Bd3 Nd6+ 49. Kxa7 f5 50. Kxb6
Ne4 51. a4 Nxf2 52. Bxf5 d3 53. a5 d2 54. Bc2 d1=B 55. Bxd1 Nxd1 56. a6
Ne3 57. a7 Nd5+ 58. Kb7
{Black resigns} 1-0

[Event "Polar Bears 3rd Internal Tournament"]
[Site "FICS, San Jose, California USA"]
[Date "2008.06.20"]
[Time "22:09:13"]
[Round "2"]
[White "Tusendus"]
[Black "altai"]
[WhiteElo "1509"]
[BlackElo "1714"]
[TimeControl "1800+30"]
[Mode "ICS"]
[Result "0-1"]

1. e4 c5 2. c3 d6 3. Nf3 Nf6 4. Be2 g6 5. O-O Bg7 6. Re1 O-O 7. d3 Nbd7
8. d4 Nxe4 9. Be3 b6 10. Nbd2 Ndf6 11. Qc2 Bb7 12. c4 Rc8 13. d5 Nxd2 14. Qxd2
e6 15. b4 exd5 16. cxd5 Nxd5 17. bxc5 Nxe3 18. Qxe3 Bxa1 19. Rxa1 dxc5 20. Bc4
Qf6 21. Qh6 Qxa1+ 22. Bf1 Qg7
{White resigns} 0-1

[Event "Polar Bears 3rd Internal Tournament"]
[Site "FICS, San Jose, California USA"]
[Date "2008.07.05"]
[Time "16:46:38"]
[Round "2"]
[White "DogGhost"]
[Black "Luxveritatis"]
[WhiteElo "1630"]
[BlackElo "1711"]
[TimeControl "1800+30"]
[Mode "ICS"]
[Result "0-1"]

1. e4 e5 2. Nf3 Nc6 3. Bc4 Nf6 4. d3 h6 5. O-O Bc5 6. Bb5 Nd4 7. Nxd4 Bxd4
8. c3 Bb6 9. Bc4 d5 10. exd5 Nxd5 11. Qf3 Nf6 12. Re1 Qd6 13. Bf4 O-O 14. Bxe5
Qe7 15. Nd2 Ng4 16. Bxg7 Bxf2+ 17. Qxf2 Qg5 18. Qg3 Kxg7 19. Rad1 b5 20. Qf3
Ba6 21. Bd5 Rad8 22. c4 bxc4 23. dxc4 f5 24. Qa3 Rf6 25. Qe7+ Kg6 26. Qxd8
Ne3 27. Qg8+ Kh5 28. Nf3 Qxg8 29. Bxg8 Nxd1 30. Rxd1 Rb6 31. b3 Rb8 32. Bf7+
Kg4 33. Rd4+ f4 34. g3 Kxf3 35. Rxf4+ Ke3 36. Rf6 Bb7 37. Rxh6 Rd8 38. Re6+
Be4 39. Bg6 Rd1#
{White checkmated} 0-1

[Event "Polar Bears 3rd Internal Tournament"]
[Site "FICS, San Jose, California USA"]
[Date "2008.06.22"]
[Time "14:44:12"]
[Round "3"]
[White "Luxveritatis"]
[Black "Tusendus"]
[WhiteElo "1703"]
[BlackElo "1505"]
[TimeControl "1800+30"]
[Mode "ICS"]
[Result "1-0"]

1. e4 e5 2. Nf3 Nc6 3. Nc3 Bc5 4. Bb5 d6 5. Bxc6+ bxc6 6. d4 Bb6 7. dxe5
Ne7 8. exd6 cxd6 9. Bf4 Bc7 10. O-O O-O 11. Bg5 Bb7 12. e5 c5 13. Nb5 Bxf3
14. Qxf3 dxe5 15. Rad1 Qb8 16. Bxe7 Qxb5 17. Bxf8 Kxf8 18. Qxa8+
{Black resigns} 1-0

[Event "Polar Bears 3rd Internal Tournament"]
[Site "FICS, San Jose, California USA"]
[Date "2008.06.23"]
[Time "21:57:01"]
[Round "3"]
[White "altai"]
[Black "tujhbq"]
[WhiteElo "1722"]
[BlackElo "1475"]
[TimeControl "1800+30"]
[Mode "ICS"]
[Result "1/2-1/2"]

1. e4 e5 2. Nf3 Nc6 3. d4 exd4 4. Nxd4 Qh4 5. Nc3 Bb4 6. Be2 Bxc3+ 7. bxc3
Qxe4 8. f3 Qg6 9. O-O Nge7 10. Bf4 Nd5 11. Bg3 O-O 12. Bd3 Qf6 13. Nxc6
Nxc3 14. Be5 Qxc6 15. Bxh7+ Kxh7 16. Qd3+ Kg8 17. Bxc3 d5 18. Qd4 Qb6 19. Qxb6
axb6 20. Rfe1 Be6 21. Re5 c5 22. Bd2 d4 23. a3 Rae8 24. Rb1 Ba2 25. Rbe1
Rxe5 26. Rxe5 Ra8 27. Bc1 Bb1 28. Re7 Rb8 29. Re2 Kf8 30. g4 Re8 31. Rxe8+
Kxe8 32. Kf2 Bxc2 33. h4 Ke7 34. f4 Kf6 35. Kf3 c4 36. f5 g6 37. fxg6 Bxg6
38. h5 Bc2 39. Kf4 d3 40. g5+ Kg7 41. Bd2 Bd1 42. h6+ Kg6 43. Ke5 b5 44. Kd6
Bf3 45. Ke7 Bd5 46. Bc3 Be4 47. Bd2 c3 48. Bxc3 Kxg5 49. Kxf7 Kxh6 50. Kf6
Kh5 51. Ke5 Bf3 52. Kd4 Be2 53. Ke3 Kg5 54. Kd4 Kf5 55. Bd2 Ke6 56. Kc5
Kd7 57. Kxb5 Kc7 58. Kc5 b6+ 59. Kb5 Kb7 60. Kb4 Kc6 61. Kc4 b5+ 62. Kb4
Kb6 63. Bc3
{Game drawn by mutual agreement} 1/2-1/2

[Event "Polar Bears 3rd Internal Tournament"]
[Site "FICS, San Jose, California USA"]
[Date "2008.06.25"]
[Time "22:04:13"]
[Round "3"]
[White "sajanricochet"]
[Black "Frigateland"]
[WhiteElo "1470"]
[BlackElo "1851"]
[TimeControl "1800+30"]
[Mode "ICS"]
[Result "0-1"]

1. e4 e5 2. Nf3 d5 3. Bd3 Nf6 4. Nc3 Bg4 5. h3 Bh5 6. O-O d4 7. Ne2 Bd6
8. Ng3 Bg6 9. Re1 Nbd7 10. c3 c5 11. b3 Qc7 12. Ba3 O-O 13. Qc2 a6 14. c4
Rab8 15. Nh4 Rfc8 16. Ngf5 Bf8 17. Rac1 Bxf5 18. Nxf5 g6 19. Ng3 Bh6 20. h4
a5 21. Bf1 a4 22. Rb1 b5 23. Bc1 b4 24. d3 Bxc1 25. Rexc1 Ra8 26. bxa4 Ra6
27. Be2 Rca8 28. Bd1 Nf8 29. Qd2 N6d7 30. Ra1 Nb6 31. a3 Nxa4 32. axb4 Nc3
33. Rxa6 Rxa6 34. b5 Ra2 35. Qe1 Ne6 36. Ne2 Qa5 37. Rc2 Ra1 38. Nxc3 dxc3
39. Kh2 Nd4 40. Rxc3 Rc1 41. Qe3 Qxc3 42. Bg4 Qe1 43. Qg5 Rc2 44. h5 Qxf2
45. Qd8+ Kg7 46. h6+ Kxh6 47. Qf8+ Kg5 48. Qe7+ f6
{White resigns} 0-1

[Event "Polar Bears 3rd Internal Tournament"]
[Site "FICS, San Jose, California USA"]
[Date "2008.07.05"]
[Time "18:19:33"]
[Round "3"]
[White "sergeym"]
[Black "DogGhost"]
[WhiteElo "1428"]
[BlackElo "1611"]
[TimeControl "1800+30"]
[Mode "ICS"]
[Result "0-1"]

1. e4 e6 2. Nf3 c5 3. Bc4 d5 4. exd5 exd5 5. Bb5+ Bd7 6. Qe2+ Qe7 7. Qxe7+
Bxe7 8. Bxd7+ Nxd7 9. O-O O-O-O 10. Re1 Bf6 11. Nc3 Ne7 12. Nb5 Kb8 13. d3
Ng6 14. Bd2 Bxb2 15. Rab1 Be5 16. Nxe5 Ndxe5 17. Ba5 Rd7 18. d4 cxd4 19. Nxd4
Rc8 20. c3 Nd3 21. Re3 Ngf4 22. g3 Nh3+ 23. Kg2 Nhxf2 24. Nb3 b6 25. Bb4
Nxb4 26. cxb4 Rc2 27. Kf3 Ne4 28. Nd4 Rxh2 29. Nc6+ Kb7 30. Ne5 Rf2+ 31. Kg4
Re7 32. Nd3 f5+ 33. Kh3 Ng5+ 34. Kh4 Rh2+ 35. Kxg5 Rxe3 36. Nf4 g6 37. a4
Rxg3+ 38. Kf6 Ra3 39. a5 d4 40. axb6 Rh4 41. Ne6 axb6 42. Rc1 Rc3 43. Rd1
d3 44. Kg5 Rxb4 45. Nf4 h6+ 46. Kxh6 Rxf4 47. Rg1 d2 48. Rxg6 d1=Q 49. Rg7+
Ka6 50. Kg6 b5 51. Re7 b4 52. Re6+ Kb5 53. Re5+ Kc4 54. Re7 b3 55. Rc7+
Kb4 56. Rb7+ Ka3 57. Ra7+ Kb2 58. Kg5 Rcc4 59. Re7 Kc1 60. Kf6 b2 61. Ke6
b1=Q 62. Rd7 Rfe4+ 63. Kf7 Qxd7+ 64. Kg6 f4 65. Kg5 f3 66. Kf6 f2 67. Kg5
f1=Q 68. Kh5
{White resigns} 0-1

[Event "Polar Bears 3rd Internal Tournament"]
[Site "FICS, San Jose, California USA"]
[Date "2008.07.02"]
[Time "20:54:17"]
[Round "4"]
[White "Tusendus"]
[Black "sergeym"]
[WhiteElo "1509"]
[BlackElo "1439"]
[TimeControl "1800+30"]
[Mode "ICS"]
[Result "1-0"]

1. e4 e5 2. Nf3 Nc6 3. Bc4 Nf6 4. d4 d6 5. Bg5 Be7 6. O-O O-O 7. d5 Nd4
8. Nxd4 exd4 9. Qxd4 c5 10. Qe3 h6 11. Bf4 Nh5 12. Nc3 g5 13. Bg3 f5 14. exf5
Bxf5 15. Rfe1 Rf7 16. h3 Bxc2 17. Bh2 Qd7 18. Qd2 Bg6 19. Qd1 a6 20. Ne4
b5 21. Bb3 c4 22. Bc2 Nf4 23. b3 Bh5 24. Qd2 Re8 25. Bxf4 gxf4 26. Qc3 Rg7
27. Kf1 f3 28. Ng3 fxg2+ 29. Kxg2 Bf7 30. bxc4 bxc4 31. Qxc4 Rc8 32. Qb3
Rc5 33. Be4 h5 34. Kh2 Bf6 35. Bg2 Bxa1 36. Rxa1 h4 37. Ne4 Rb5 38. Nf6+
Kh8 39. Nxd7 Rxb3 40. axb3 Bxd5 41. Bxd5 Rxd7 42. Rxa6 Kg7 43. b4 Kf6 44. b5
Ke5 45. Bc6 Rc7 46. Ra4 d5 47. Rxh4 d4 48. Re4+ Kd6 49. Rxd4+ Kc5 50. Rg4
Kb6 51. h4 Rh7 52. Kg3 Rh5 53. Rg5 Rh6 54. h5 Kc7 55. Kg4 Kd8 56. Rg6 Rh7
57. h6 Ke7 58. Kg5 Kf8 59. Be4 Rf7 60. Rf6 Rxf6 61. Kxf6 Kg8 62. b6 Kh8
63. b7 Kg8 64. b8=Q#
{Black checkmated} 1-0

[Event "Polar Bears 3rd Internal Tournament"]
[Site "FICS, San Jose, California USA"]
[Date "2008.07.02"]
[Time "22:30:15"]
[Round "4"]
[White "tujhbq"]
[Black "Luxveritatis"]
[WhiteElo "1487"]
[BlackElo "1716"]
[TimeControl "1800+30"]
[Mode "ICS"]
[Result "0-1"]

1. d4 d5 2. c4 dxc4 3. Qa4+ Nc6 4. e3 a6 5. Qxc4 Be6 6. Qc3 Nf6 7. Bd3 Bd5
8. f3 e5 9. Ne2 Bb4 10. Qxb4 Nxb4 11. Bf5 g6 12. Be4 Bxe4 13. fxe4 Nc2+
{White resigns} 0-1

[Event "Polar Bears 3rd Internal Tournament"]
[Site "FICS, San Jose, California USA"]
[Date "2008.07.05"]
[Time "20:07:02"]
[Round "4"]
[White "altai"]
[Black "sajanricochet"]
[WhiteElo "1711"]
[BlackElo "1467"]
[TimeControl "1800+30"]
[Mode "ICS"]
[Result "1-0"]

1. d4 d5 2. e3 Nf6 3. Bd3 e6 4. f4 Bd6 5. Nd2 Nc6 6. c3 a6 7. Ngf3 Ng4 8. Qe2
b5 9. O-O f6 10. e4 b4 11. exd5 bxc3 12. bxc3 Ne7 13. dxe6 O-O 14. Bxh7+
Kxh7 15. Qe4+ f5 16. Qxa8 Qe8 17. Ng5+ Kg8 18. Qf3 Ng6 19. Nc4 Be7 20. Ba3
Qb5 21. Bxe7 Nxe7 22. Qh3 Nh6 23. Ne5 Rf6 24. Rab1 Qd5 25. Rb8 Nc6 26. Rxc8+
{Black resigns} 1-0

[Event "Polar Bears 3rd Internal Tournament"]
[Site "FICS, San Jose, California USA"]
[Date "2008.07.06"]
[Time "17:34:16"]
[Round "4"]
[White "Frigateland"]
[Black "DogGhost"]
[WhiteElo "1862"]
[BlackElo "1623"]
[TimeControl "1800+30"]
[Mode "ICS"]
[Result "1-0"]

1. e4 e6 2. d4 d5 3. exd5 Qxd5 4. Nc3 Bb4 5. Nf3 Nf6 6. Bd2 Nc6 7. Nxd5
Bxd2+ 8. Qxd2 Nxd5 9. Bb5 Bd7 10. Bxc6 Bxc6 11. Ne5 Ne7 12. Nxc6 Nxc6 13. O-O-O
a6 14. d5 O-O-O 15. dxc6 Rxd2 16. cxb7+ Kxb7 17. Rxd2 Kc8 18. Rhd1
{Black resigns} 1-0

[Event "Polar Bears 3rd Internal Tournament"]
[Site "FICS, San Jose, California USA"]
[Date "2008.07.14"]
[Time "19:00:36"]
[Round "5"]
[White "sergeym"]
[Black "altai"]
[WhiteElo "1418"]
[BlackElo "1718"]
[TimeControl "1800+30"]
[Mode "ICS"]
[Result "0-1"]

1. e4 c5 2. f4 d6 3. Nc3 Nc6 4. Nf3 g6 5. Bc4 Nf6 6. O-O e6 7. d3 Bg7 8. Be3
O-O 9. e5 Ng4 10. Re1 Nxe3 11. Rxe3 d5 12. Bb3 d4 13. Re4 dxc3 14. bxc3
a6 15. d4 b6 16. d5 exd5 17. Bxd5 Bb7 18. Ng5 Bxe5 19. fxe5 Qxg5 20. e6
fxe6 21. Rxe6 Kh8 22. Bxc6 Rad8 23. Qe1 Bxc6 24. Rxc6 Rd2 25. Qg3 Qxg3 26. hxg3
Rff2 27. Rxb6 Rxg2+ 28. Kf1 Rdf2+ 29. Ke1 Rxc2 30. Rxa6 Rg1#
{White checkmated} 0-1

[Event "Polar Bears 3rd Internal Tournament"]
[Site "FICS, San Jose, California USA"]
[Date "2008.07.27"]
[Time "17:50:28"]
[Round "5"]
[White "DogGhost"]
[Black "tujhbq"]
[WhiteElo "1614"]
[BlackElo "1492"]
[TimeControl "1800+30"]
[Mode "ICS"]
[Result "0-1"]

1. d4 d5 2. Nf3 Nf6 3. h3 Bf5 4. e3 e6 5. Ne5 Bd6 6. c4 Bxe5 7. dxe5 Ne4 8. 
cxd5 exd5 9. Qa4+ c6 10. Qb4 Na6 11. Qxb7 Nac5 12. Qxc6+ Bd7 13. Qxd5 O-O 14. 
Bd3 Nxd3+ 15. Qxd3 Nc5 16. Qd5 Rc8 17. O-O Qg5 18. e4 Qg6 19. Nc3 Be6 20. Qd4 
Bxh3 21. g3 Bxf1 22. Kxf1 Rfd8 23. Qb4 Nd3 24. Qb7 Nxe5 25. Qxa7 Ra8 26. Qc7 
Qa6+ 27. Kg2 Qf6 28. f4 Nd3 29. Nd5 Qd4 30. Ne7+ Kh8 31. Nf5 Qxe4+ 32. Kh3 
Qxf5+
{White resigns} 0-1

[Event "Polar Bears 3rd Internal Tournament"]
[Site "FICS, San Jose, California USA"]
[Date "2008.07.21"]
[Time "21:17:13"]
[Round "6"]
[White "sergeym"]
[Black "Luxveritatis"]
[WhiteElo "1413"]
[BlackElo "1703"]
[TimeControl "1800+30"]
[Mode "ICS"]
[Result "0-1"]

1. e4 e5 2. Nf3 Nc6 3. d4 exd4 4. Bc4 Bb4+ 5. c3 dxc3 6. bxc3 Bc5 7. Ng5
Nh6 8. Nxf7 Qf6 9. Qf3 Qxf3 10. gxf3 Nxf7 11. Bf4 d6 12. Rg1 Nce5 13. Bxf7+
Kxf7 14. Nd2 Ba3 15. Ke2 Bb2 16. Rab1 Bxc3 17. Nb3 Bd7 18. Rbc1 Bb5+ 19. Ke3
Nc4+ 20. Kd3 Be5 21. Bxe5 Nxe5+ 22. Kd4 Nxf3+ 23. Kd5 Nxg1 24. Rxc7+ Kg6
25. Rxb7 a6 26. Kxd6 Rhf8 27. e5 Rxf2 28. e6 Rxh2 29. e7 Rxa2 30. Rb6 Rd2+
31. Kc7+ Kf7 32. Rd6 Rxd6 33. Kxd6 h5 34. Nc5 h4 35. Nd7 Bxd7 36. Kxd7 Re8
{White resigns} 0-1

[Event "Polar Bears 3rd Internal Tournament"]
[Site "FICS, San Jose, California USA"]
[Date "2008.09.08"]
[Time "18:39:15"]
[Round "6"]
[White "tujhbq"]
[Black "Tusendus"]
[WhiteElo "1530"]
[BlackElo "1481"]
[TimeControl "1800+30"]
[Mode "ICS"]
[Result "0-1"]
1. d4 d5 2. c4 c6 3. Nc3 Bf5 4. Nf3 e6 5. Bf4 Bb4 6. Bd2 Nf6 7. a3 Ba5 8. b4
Bc7 9. c5 b6 10. Bg5 O-O 11. e3 Nbd7 12. Ne5 h6 13. Bxf6 Nxf6 14. Nxc6 Qd7
15. b5 a6 16. a4 bxc5 17. dxc5 Ba5 18. Nxa5 axb5 19. axb5 Qc7 20. Nc6 Ng4
21. Be2 Ne5 22. Nxe5 Qxe5 23. Qd2 Rxa1+ 24. Bd1 d4 25. Qxd4 Qxd4 26. exd4
Bd3 27. Ne2 Bxb5 28. O-O Rd8 29. Re1 e5 30. Nc3 Bc6 31. dxe5 Rd3 32. e6
Rxc3 33. exf7+ Kf8 34. h3 Ba4 35. Bxa4 Rxe1+ 36. Kh2 Rxc5
{White resigns} 0-1

[Event "Polar Bears 3rd Internal Tournament"]
[Site "FICS, San Jose, California USA"]
[Date "2008.07.22"]
[Time "16:12:42"]
[Round "7"]
[White "tujhbq"]
[Black "sergeym"]
[WhiteElo "1502"]
[BlackElo "1410"]
[TimeControl "1800+30"]
[Mode "ICS"]
[Result "1-0"]

1. d4 d5 2. c4 c6 3. Nc3 Nf6 4. e3 e6 5. Nf3 Bb4 6. Bd2 O-O 7. Bd3 Nbd7
8. O-O Nb6 9. a3 Bxc3 10. Bxc3 dxc4 11. Bc2 Nbd5 12. Bb4 Re8 13. b3 c3 14. Qd3
Nxb4 15. axb4 b5 16. e4 Nh5 17. e5 f6 18. Qxh7+ Kf8 19. Qxh5 fxe5 20. Nxe5
Bb7 21. Qf7#
{Black checkmated} 1-0

[Event "Polar Bears 3rd Internal Tournament"]
[Site "FICS, San Jose, California USA"]
[Date "2008.07.26"]
[Time "19:07:59"]
[Round "7"]
[White "Luxveritatis"]
[Black "Frigateland"]
[WhiteElo "1733"]
[BlackElo "1871"]
[TimeControl "1800+30"]
[Mode "ICS"]
[Result "0-1"]

1. e4 c6 2. Nf3 d5 3. e5 Bg4 4. h3 Bh5 5. d4 e6 6. Bg5 Qb6 7. b3 Ne7 8. Be2
Nd7 9. O-O c5 10. c3 Nc6 11. Qd3 a6 12. Be3 Bg6 13. Qd2 Be7 14. Bd3 Bh5
15. Be2 a5 16. Rd1 a4 17. bxa4 Rxa4 18. Qc2 Ra5 19. Nbd2 O-O 20. Nb3 Ra3
21. Ng5 Bg6 22. Qc1 Rfa8 23. Qd2 Na5 24. Nxa5 Qxa5 25. Bd3 Rxc3 26. Bxg6
hxg6 27. Rdb1 b5 28. Qb2 b4 29. Bd2 Rc4 30. dxc5 Bxc5 31. a3 bxa3 32. Bxa5
axb2 33. Rxb2 Bd4 34. Rba2 Bxa1 35. Rxa1 Rc5 36. Bc3 Rxa1+ 37. Bxa1 Rc1+
{White resigns} 0-1